AoeStats
← |GaoeG| flamingo

Fortress

509951383Analyzed
3v3 RM · 2d ago on Sep 28, 2026· 59m 40s· 6 players
Game mode
Random Map
Map size
Large (8 player)
Population
200
Speed
Normal
Resources
Standard
Victory
Conquest
Starting age
Dark Age
Ending age
Imperial Age
RankedLock teamsTeams togetherTeam positionsShared explorationLock speedFull tech treeHidden civsTurbo modeCheats
Victory
Defeat
🇺🇸 Burgundians · United States
1417
+14
🇺🇸 Vietnamese · United States
1387
+16
🇺🇸 Khmer · United States
1370
+16
🇪🇸 Mongols · Spain
1447
-18
🇪🇸 Slavs · Spain
1355
-14
🇪🇸 Berbers · Spain
1332
-14
|GaoeG| flamingo
8:19 Feudal Age
9:23 Double-Bit Axe
12:20 Castle Age
10:26 Loom
15:40 Bow Saw
15:38 Horse Collar
16:31 Heavy Plow
19:18 Town Watch
20:53 Wheelbarrow
22:14 Gold Mining
23:26 Hand Cart
27:45 Imperial Age
26:26 Gold Shaft Mining
26:44 Fortified Wall
26:55 Ballistics
27:28 Padded Archer Armor
27:25 Fletching
27:40 Kasbah
28:57 Conscription
28:36 Bodkin Arrow
29:51 Chemistry
28:59 Thumb Ring
29:32 Bloodlines
29:22 Husbandry
29:20 Light Cavalry
30:04 Bracer
30:23 Leather Archer Armor
30:14 Scale Barding Armor
32:07 Maghrebi Camels
32:40 Ring Archer Armor
31:41 Hussar
32:06 Elite Camel Archer
34:01 Chain Barding Armor
36:33 Plate Barding Armor
36:09 Forging
41:40 Caravan
|GaoeG| Tifus
8:39 Feudal Age
13:36 Castle Age
11:29 Horse Collar
11:37 Double-Bit Axe
11:43 Gold Mining
11:45 Stone Mining
14:50 Bow Saw
14:47 Heavy Plow
19:22 Gold Shaft Mining
19:41 Loom
20:32 Wheelbarrow
21:13 Scale Barding Armor
21:18 Forging
22:51 Hand Cart
23:48 Forging
23:58 Chain Barding Armor
23:57 Bloodlines
23:48 Husbandry
27:57 Imperial Age
25:53 Town Watch
26:27 Detinets
27:13 Chain Barding Armor
27:28 Iron Casting
28:17 Elite Boyar
28:29 Light Cavalry
29:50 Plate Barding Armor
31:45 Hussar
34:31 Conscription
33:43 Sappers
35:17 Blast Furnace
36:25 Druzhina
36:52 Pikeman
37:33 Squires
38:26 Scale Mail Armor
37:59 Halberdier
38:50 Man-at-Arms
40:12 Long Swordsman
40:48 Two-Handed Swordsman
42:02 Champion
45:25 Caravan
56:56 Capped Ram
JITANOmaleant7
7:10 Feudal Age
6:17 Loom
11:01 Castle Age
9:13 Double-Bit Axe
9:50 Horse Collar
10:56 Wheelbarrow
12:14 Bow Saw
16:17 Stone Mining
16:22 Gold Mining
19:22 Heavy Plow
27:49 Imperial Age
26:03 Gold Shaft Mining
26:03 Stone Shaft Mining
27:07 Bloodlines
26:57 Husbandry
26:50 Fletching
27:01 Padded Archer Armor
27:17 Caravan
28:15 Bodkin Arrow
28:36 Leather Archer Armor
28:19 Elite Mangudai
29:20 Conscription
29:47 Bracer
31:49 Ballistics
32:29 Chemistry
32:40 Thumb Ring
33:01 Parthian Tactics
32:01 Onager
34:33 Hand Cart
33:49 Siege Onager
36:33 Siege Engineers
39:25 Scale Barding Armor
39:31 Forging
39:47 Light Cavalry
40:50 Chain Barding Armor
40:52 Hussar
42:48 Iron Casting
43:47 Elite Skirmisher
44:00 Elite Genitour
48:09 Blast Furnace
51:57 Elite Skirmisher
54:19 Parthian Tactics
53:15 Heavy Cavalry Archer
LeGoat James 12-13
7:50 Feudal Age
8:18 Loom
10:37 Castle Age
8:42 Double-Bit Axe
8:40 Horse Collar
12:35 Bow Saw
16:19 Wheelbarrow
16:17 Loom
18:25 Gold Mining
20:02 Stone Mining
21:25 Hand Cart
22:51 Gold Shaft Mining
22:51 Stone Shaft Mining
25:15 Imperial Age
23:30 Scale Barding Armor
24:32 Chain Barding Armor
25:15 Husbandry
25:25 Bloodlines
26:12 Ballistics
25:18 Elite Ballista Elephant
27:16 Plate Barding Armor
27:54 Double Crossbow
29:05 Conscription
28:49 Town Watch
30:49 Chemistry
32:14 Siege Engineers
33:41 Fletching
34:04 Masonry
35:50 Caravan
37:05 Coinage
37:15 Stone Shaft Mining
39:49 Bodkin Arrow
41:14 Banking
42:55 Bracer
43:06 Forging
44:25 Light Cavalry
46:36 Iron Casting
45:46 Hussar
49:02 Blast Furnace
57:03 Hoardings
Ck SANCTUS.ĐSY
7:03 Feudal Age
11:37 Castle Age
9:40 Double-Bit Axe
9:44 Horse Collar
11:44 Bow Saw
20:11 Fervor
25:10 Imperial Age
22:27 Loom
22:28 Town Watch
23:36 Wheelbarrow
23:04 Scale Mail Armor
22:55 Fletching
23:42 Forging
23:23 Fletching
24:29 Padded Archer Armor
26:00 Ballistics
26:36 Bodkin Arrow
26:56 Leather Archer Armor
26:58 Chain Mail Armor
26:08 Elite Skirmisher
28:09 Chemistry
27:32 Imperial Skirmisher
27:38 Pikeman
28:18 Squires
28:24 Squires
28:10 Arson
29:04 Iron Casting
29:55 Halberdier
32:01 Plate Mail Armor
32:36 Blast Furnace
38:30 Bombard Tower
39:48 Onager
46:09 Bracer
57:38 Caravan
MØLDAIN
4:52 Loom
7:40 Feudal Age
7:48 Feudal Age
11:23 Castle Age
9:24 Double-Bit Axe
10:17 Horse Collar
13:28 Wheelbarrow
14:07 Bow Saw
14:03 Heavy Plow
18:37 Hand Cart
18:37 Fletching
21:53 Gold Mining
22:14 Stone Mining
21:57 Elite Skirmisher
25:47 Imperial Age
24:06 Stone Shaft Mining
23:53 Bodkin Arrow
24:13 Padded Archer Armor
25:21 Ballistics
26:23 Thumb Ring
26:35 Bracer
27:58 Chemistry
26:59 Imperial Skirmisher
27:49 Town Watch
28:41 Paper Money
28:59 Caravan
29:37 Leather Archer Armor
30:09 Elite Rattan Archer
30:14 Pikeman
31:06 Forging
30:57 Scale Mail Armor
31:19 Halberdier
34:24 Iron Casting
33:49 Scale Mail Armor
34:50 Squires
35:45 Ring Archer Armor
38:16 Crossbowman
39:29 Chain Mail Armor
41:01 Arson
42:06 Arbalester
43:20 Plate Mail Armor
45:05 Husbandry
44:26 Light Cavalry
46:17 Bloodlines
49:58 Capped Ram
58:03 Scale Barding Armor
59:26 Sappers
Connection lost

Rejoining the realm…

Still unreachable

The connection could not be restored.

Session expired

The server has moved on; the page needs a fresh start.